 Dungeon Crawl Stone Soup version 0.28-a0-653-g7e9dba17c3 (webtiles) character file.

Game seed: 7416474425107282453

165 Antediluvian the Skirmisher (level 5, 0/43 HPs)
             Began as a Formicid Monk on Oct 12, 2021.
             Was an Initiate of Gozag.
             Slain by a river rat (7 damage)
             ... on level 3 of the Dungeon.
             The game lasted 00:06:12 (2258 turns).

Antediluvian the Skirmisher (Formicid Monk)         Turns: 2258, Time: 00:06:14

Health: 0/43       AC: 12    Str: 17    XL:     5   Next: 75%
Magic:  5/5        EV:  7    Int:  9    God:    Gozag
Gold:   315        SH:  0    Dex: 13    Spells: 4/4 levels left

rFire   . . .      SeeInvis +   a - +0 falchion
rCold   . . .      Faith    .   (no shield)
rNeg    . . .      Spirit   .   k - +0 chain mail
rPois   .          Reflect  .   (helmet unavailable)
rElec   .          Harm     .   i - +2 cloak
rCorr   .          Rampage  .   (no gloves)
Will    .....                   (no boots)
Stlth   ..........              (no amulet)
HPRegen 0.14/turn               (no ring)
MPRegen 0.09/turn               (no ring)

@: gold aura
A: permanent stasis, dig shafts and tunnels, antennae 3, four strong arms
a: Dig, Shaft Self, Renounce Religion, Potion Petition, Call Merchant, Bribe
Branch


You were on level 3 of the Dungeon.
You worshipped Gozag.
Gozag was aware of your devotion.
You visited 1 branch of the dungeon, and saw 3 of its levels.

You collected 315 gold pieces.

Inventory:

Hand Weapons
 a - a +0 falchion (weapon)
Armour
 i - a +2 cloak (worn)
 k - a +0 chain mail (worn)
Jewellery
 e - a ring of fire
Wands
 l - a wand of iceblast (12)
 o - a wand of mindburst (13)
Scrolls
 d - 2 scrolls of torment {unknown}
 f - a scroll of fog {unknown}
 g - a scroll of summoning {unknown}
 h - 2 scrolls of identify {unknown}
 j - 2 scrolls of amnesia {unknown}
 m - a scroll of blinking {unknown}
 n - a scroll of teleportation {unknown}
Potions
 b - a potion of heal wounds {unknown}
 c - a potion of attraction {unknown}


   Skills:
 + Level 4.6 Fighting
 + Level 4.2 Long Blades
 + Level 2.9 Armour
 - Level 2.6 Dodging
 - Level 2.4 Stealth


You had 4 spell levels left.
You didn't know any spells.
Your spell library was empty.

Dungeon Overview and Level Annotations

Branches:
Dungeon (3/15)

Altars:
Gozag
Qazlal
Ru
Sif Muna
Wu Jian

Portals:
Sewer: D:3


Innate Abilities, Weirdness & Mutations

You cannot be hasted, slowed, berserked, paralysed or teleported.
You can dig through walls and to a lower floor.
You have a pair of large antennae on your head. (SInv)
Your four strong arms can wield two-handed weapons with a shield.


Message History

The river rat bites you but does no damage.
You hit the river rat.
You kill the river rat!
You now have 290 gold pieces (gained 8).
You now have 315 gold pieces (gained 25).
You enter the shallow water.
Moving in this stuff is going to be slow.
You open the door.
A ball python, a rat and a river rat come into view.
The ball python hisses angrily.
Found a glowing drain.
You hit the river rat but do no damage.
The ball python is distracted by your dazzling golden aura.
The river rat closely misses you.
Your unstable footing causes you to fumble your attack.
The river rat barely misses you. The rat barely misses you.
The ball python hisses angrily.
There is an open door here.
You barely miss the rat. The river rat bites you.
The rat bites you but does no damage.
You hit the rat but do no damage.
The ball python is no longer distracted by gold.
The ball python bites you but does no damage.
The ball python grabs you. The ball python constricts you.
The river rat bites you!
* * * LOW HITPOINT WARNING * * *
The rat splashes around in the water.
The ball python bites you but does no damage.
The ball python constricts you.
You barely miss the ball python. The river rat barely misses you.
The rat bites you but does no damage. The ball python bites you.
* * * LOW HITPOINT WARNING * * *
The ball python constricts you.
You slash the ball python!
You kill the ball python!
The river rat closely misses you. The rat bites you.
* * * LOW HITPOINT WARNING * * *
The river rat bites you!
You die...
Your body crumbles into a pile of gold.

#### #####
#.≈.≈#≈≈≈#
#..≈≈#≈∩≈#
#.≈≈≈#$r≈#
#...≈#@#+#
#...≈r≈≈≈#
#....≈≈≈≈#
#........#
#........#
#####..###
#..#
#########
#####.##
........#
#.....#


You could see a river rat and a rat.

Vanquished Creatures
  A hound (D:3)
  A killer bee zombie (D:3)
  A hound skeleton (D:2)
  A gnoll (D:2)
  2 river rats (D:3)
  A worm (D:3)
  An adder zombie (D:2)
  2 dart slugs
  An orc (D:3)
  6 bats
  A bat skeleton (D:2)
  3 endoplasms
  5 giant cockroaches
  10 goblins
  4 hobgoblins
  2 kobolds (D:1)
  2 quokkas (D:3)
  8 ball pythons
  A ball python zombie (D:2)
  2 frilled lizards (D:1)
  A giant cockroach zombie (D:2)
  2 quokka skeletons (D:2)
  A quokka zombie (D:2)
  3 rats
62 creatures vanquished.

Vanquished Creatures (others)
  3 fungi (D:2)
  2 plants (D:2)
5 creatures vanquished.

Grand Total: 67 creatures vanquished

Notes
Turn   | Place    | Note
-------+----------+-------------------------------------------
     0 | D:1      | Antediluvian the Formicid Monk began the quest for the Orb.
     0 | D:1      | Reached XP level 1. HP: 18/18 MP: 1/1
    84 | D:1      | Reached XP level 2. HP: 17/24 MP: 2/2
   231 | D:1      | Reached skill level 1 in Armour
   342 | D:1      | Reached XP level 3. HP: 14/30 MP: 3/3
  1016 | D:2      | Reached XP level 4. HP: 14/37 MP: 4/4
  1257 | D:2      | Found a faded altar of an unknown god.
  1270 | D:2      | Prayed at the altar of an unknown god.
  1270 | D:2      | Became a worshipper of Gozag Ym Sagoz the Greedy
  1982 | D:3      | Reached XP level 5. HP: 41/43 MP: 5/5
  2041 | D:3      | Found a sacrificial altar of Ru.
  2042 | D:3      | Found a stormy altar of Qazlal.
  2043 | D:3      | Found a shimmering blue altar of Sif Muna.
  2163 | D:3      | Found an ornate altar of the Wu Jian Council.
  2251 | D:3      | Found a glowing drain.
  2258 | D:3      | Slain by a river rat

Illustrated notes

Levels and vault maps discovered:
D:1:      dpeg_arrival_more_subterranean_lakeside_camping, layout_rooms
D:2:      layout_basic, serial_undead, serial_undead_a, serial_undead_a,
          serial_undead_b, serial_undead_a, dreamdust_ecumenical_altar_grove,
          minmay_box_of_dots
D:3:      layout_basic, lemuel_round_altar,
          chequers_temple_overflow_statue_of_worship,
          nicolae_wu_jian_wuxing_cycle, portal_sewer_entry_e

Skill      XL: |  1  2  3  4 |
---------------+-------------+-----
Armour         | 1 2 |  2.9
Fighting       | 4 |  4.6
Long Blades    | 4 |  4.2
Dodging        | |  2.6
Stealth        | |  2.4

Action                   |  1- 3 |  4- 6 || total
-------------------------+-------+-------++-------
Melee: Falchion          |   102 |   119 ||   221
 Abil: Dig               |       |     2 ||     2
 Stab: Sleeping          |     2 |       ||     2
       Distracted        |       |     2 ||     2
Armor: Robe              |     3 |       ||     3
       Ring mail         |    30 |       ||    30
       Scale mail        |     9 |     5 ||    14
       Chain mail        |       |    65 ||    65
Dodge: Dodged            |    56 |    55 ||   111

Table legend: (Time is in decaauts)
 A = Elapsed time spent in this place.
 B = Non-inter-level travel time spent in this place.
 C = Inter-level travel time spent in this place.
 D = Time resting spent in this place.
 E = Time spent auto-exploring this place.
 F = Levels seen in this place.
 G = Mean time per level.
                   A        B        C        D        E       F      G
               +--------+--------+--------+--------+--------+-----+--------+
         Total |   2285 |   2264 |     21 |      0 |   1357 |   3 |  761.7 |
       Dungeon |   2285 |   2264 |     21 |      0 |   1357 |   3 |  761.7 |
               +--------+--------+--------+--------+--------+-----+--------+

Top non-repeatable levels by time:
     D:2: 1022 daAuts
     D:1: 840 daAuts
     D:3: 422 daAuts
